 Dungeon Crawl Stone Soup version 0.23-a0-650-ga4d50d4 (webtiles) character file.

3231 Amnesiac the Nimble (level 9, -4/44 HPs)
             Began as a Spriggan Berserker on Jan 2, 2019.
             Was a High Priest of Trog.
             Slain by a wight
             ... wielding a +3 halberd of freezing
              (6 damage)
             ... on level 6 of the Dungeon.
             The game lasted 00:13:29 (7460 turns).

Amnesiac the Nimble (Spriggan Berserker)            Turns: 7460, Time: 00:13:30

Health: -4/44      AC:  4    Str: 18      XL:     9   Next: 66%
Magic:  15/15      EV: 25    Int:  9      God:    Trog [*****.]
Gold:   323        SH:  0    Dex: 14 (15) Spells: 8/8 levels left

rFire    . . .     SeeInvis +   a - +2 short sword (drain)
rCold    . . .     Gourm    .   (shield restricted)
rNeg     + . .     Faith    .   u - +0 animal skin
rPois    .         Spirit   .   (helmet restricted)
rElec    .         Reflect  .   p - +1 cloak
rCorr    .         Harm     .   (gloves unavailable)
MR       +....                  (boots unavailable)
Stlth    +.........             g - amulet of rage
HPRegen  0.14/turn              n - ring of positive energy
MPRegen  0.14/turn              d - +2 ring of strength

@: very quick
A: very small, unfitting armour, see invisible, herbivore, speed 3, slow
metabolism 2
a: Berserk, Trog's Hand, Brothers in Arms, Renounce Religion, Evoke Berserk Rage


You were on level 6 of the Dungeon.
You worshipped Trog.
Trog was extremely pleased with you.
You were full.

You visited 1 branch of the dungeon, and saw 6 of its levels.
You also visited: Sewer.

You collected 323 gold pieces.

Inventory:

Hand Weapons
 a - a +2 short sword of draining (weapon)
 b - a +0 blowgun
 w - a +0 falchion
Missiles
 q - 2 needles of confusion
 v - 36 poisoned needles
 x - 4 tomahawks (quivered)
 y - 3 poisoned tomahawks
Armour
 p - a +1 cloak (worn)
 u - a +0 animal skin (worn)
Jewellery
 d - a +2 ring of strength (right hand)
 g - an amulet of rage (around neck)
 n - a ring of positive energy (left hand)
 s - an uncursed ring of fire
Wands
 m - a wand of clouds (3)
 o - a wand of acid (7)
Scrolls
 e - a scroll of identify {!r}
 f - 3 scrolls of teleportation {!r}
 h - 5 scrolls of magic mapping {!r}
 i - 2 scrolls of blinking {!r}
 j - 2 scrolls of remove curse {!r}
 k - a scroll of enchant weapon {!r}
Potions
 l - 4 potions of heal wounds {!q}
 r - a potion of brilliance {!q}
 t - a potion of haste {!q}
 z - 3 potions of flight {!q, unknown}
 A - 2 potions of ambrosia {!q, unknown}
Comestibles
 c - 6 rations


   Skills:
 - Level 3.0 Fighting
 * Level 8.7 Long Blades
 + Level 10.7 Dodging
 + Level 7.8 Evocations


You had 8 spell levels left.
You didn't know any spells.
Your spell library contained the following spells:

 Spells                   Type           Power        Failure   Level  Hunger
 Magic Dart               Conj           #...         38%         1    ##.....
 Searing Ray              Conj           #.....       52%         2    ###....
 Dazzling Spray           Conj/Hex       #.....       77%         3    ####...
 Force Lance              Conj/Tloc      #.......     99%         4    #####..
 Fulminant Prism          Conj/Hex       #.........   99%         4    #####..
 Iskenderun's Mystic Bla  Conj           #.......     99%         4    #####..


Dungeon Overview and Level Annotations

Branches:
Dungeon (6/15)             Temple (0/1) D:6

Altars:
Ashenzari
Fedhas
Ru
Uskayaw

Shops:
D:4 =


Innate Abilities, Weirdness & Mutations

You are very small and have problems with some larger weapons.
You are too small for most types of armour.
You have supernaturally acute eyesight. (SInv)
You are a herbivore.
You cover ground extremely quickly.
You need to consume almost no food.


Message History

Things that are here:
a cursed +2 halberd; a +0 robe You puncture the wight!
The wight is heavily damaged.
You barely miss the wight.
The wight is heavily damaged.
The wight misses you.
You puncture the wight!
You destroy the wight!
Trog accepts your kill.
Things that are here:
a +1 halberd; a +0 robe You feel a strong urge to attack something.
Things that are here:
a cursed +2 halberd; a +0 robe You are no longer berserk.
You are exhausted.
You feel yourself slow down.
Things that are here:
a +0 long sword; a +0 robe
Things that are here:
a +0 long sword; a +0 robe
Things that are here:
a cursed +2 halberd; a +0 robe
Things that are here:
a +1 halberd; a +0 robe You start waiting.
You feel yourself speed up.
A wight comes into view.
It is wielding a +3 halberd of freezing.
A wight is nearby!
A wight is nearby!
Wear which item? (? for menu, Esc to quit)
Okay, then.
The wight completely misses you.
You see here 16 stones.
The iron imp shouts!
You hit the wight but do no damage. The wight completely misses you.
You hit the wight.
The wight is lightly damaged.
You hit the wight but do no damage.
The wight is lightly damaged.
The wight misses you.
You hit the wight.
The wight is moderately damaged.
A wight comes into view. It is wielding a +4 morningstar.
The wight hits you with a +3 halberd of freezing!
The wight freezes you.
You barely miss the wight.
The wight is moderately damaged.
You recover from your berserk rage.
You closely miss the wight.
The wight is moderately damaged.
The wight hits you with a +3 halberd of freezing!
* * * LOW HITPOINT WARNING * * *
The wight freezes you.
* * * LOW HITPOINT WARNING * * *
You hit the wight but do no damage.
The wight is moderately damaged.
You barely miss the wight.
The wight is moderately damaged.
The wight hits you with a +3 halberd of freezing!
* * * LOW HITPOINT WARNING * * *
The wight freezes you.
You die...

########.###...###..###########
........[.....................#
.........#...#.#..............#
.##....#.#.#.#.#..............#
.##........#.#.z.#............#
.....<.......#####............#
#...).........#####...........#
......................>.......#
###..#.....©....@z...z........#
.....#.#########.#.#..........#
###..#.#8P.©.P8#.# '......
.....#.#P.....P#.# ...
#....#.####'####.# ...
#.#..#.#.≈...≈5#.# ..
#.#..#.#)≈...≈[#.# .
#....#.#[≈≈≈P≈[#.#
###..#.#)≈≈⌠≈≈.#.#


You could see an iron imp and 2 wights.

Vanquished Creatures
  Pikel (D:4)
  A cyclops (D:6)
  A kobold demonologist (D:6)
  A komodo dragon (D:6)
  An ice beast (D:4)
  4 slaves (D:5)
  2 phantoms
  The ghost of Leeroy the Slasher, an amateur BaSk of Cheibriados (D:5)
  A big kobold (Sewer)
  2 bullfrogs (D:6)
  2 scorpions
  3 wights (D:6)
  A howler monkey (D:4)
  3 crimson imps
  2 hounds
  Crazy Yiuf (D:3)
  2 jellies (D:5)
  A quasit (D:6)
  9 orc priests
  A bullfrog skeleton (D:4)
  2 iguanas
  An orc wizard (D:4)
  2 worker ants (D:5)
  A hound skeleton (D:4)
  11 gnolls
  8 adders
  A river rat (Sewer)
  2 oozes
  An adder zombie (D:6)
  3 worms
  3 dart slugs
  6 leopard geckos
  34 orcs
  2 giant cockroaches
  5 hobgoblins
  10 jackals
  3 quokkas (D:2)
  5 ball pythons
  8 bats
  6 frilled lizards
  7 goblins
  14 kobolds
  2 quokka skeletons (D:5)
  A quokka zombie (D:6)
  18 rats
196 creatures vanquished.

Notes
Turn   | Place    | Note
-------+----------+-------------------------------------------
     0 | D:1      | Amnesiac the Spriggan Berserker began the quest for the
                  | Orb.
     0 | D:1      | Reached XP level 1. HP: 11/11 MP: 2/2
   539 | D:2      | Reached XP level 2. HP: 16/16 MP: 3/3
   778 | D:1      | Reached ** piety under Trog
   836 | D:1      | Reached XP level 3. HP: 15/19 MP: 4/4
   967 | D:1      | Reached skill level 5 in Dodging
  1468 | D:2      | Found a blossoming altar of Fedhas.
  1698 | D:2      | Reached XP level 4. HP: 22/23 MP: 5/5
  1828 | D:2      | Found a hide-covered altar of Uskayaw.
  2121 | D:3      | Reached *** piety under Trog
  2421 | D:3      | Reached XP level 5. HP: 9/28 MP: 6/6
  2671 | D:3      | Reached skill level 6 in Dodging
  3017 | D:3      | Found a runed door.
  3429 | D:3      | Noticed Crazy Yiuf
  3484 | D:3      | Killed Crazy Yiuf
  3584 | D:3      | Reached XP level 6. HP: 19/32 MP: 7/7
  3807 | D:4      | Reached skill level 1 in Evocations
  3824 | D:4      | Reached **** piety under Trog
  4198 | D:4      | Received a gift from Trog
  4430 | D:4      | Reached skill level 5 in Long Blades
  4446 | D:4      | HP: 1/32 [poisoned by an orc wizard]
  4674 | D:4      | Reached skill level 7 in Dodging
  4945 | D:4      | Found a shattered altar of Ashenzari.
  5046 | D:4      | Found Paqunuackifa's Jewellery Emporium.
  5177 | D:4      | Reached XP level 7. HP: 36/36 MP: 9/9
  5260 | D:5      | Entered Level 5 of the Dungeon
  5462 | D:5      | Found a glowing drain.
  5467 | D:5      | Noticed Pikel
  5471 | Sewer    | Entered a sewer
  5631 | Sewer    | Found a glowing silver altar of Zin.
  5722 | D:4      | Killed Pikel
  5722 | D:4      | Reached skill level 8 in Dodging
  5722 | D:4      | Reached XP level 8. HP: 23/40 MP: 10/12
  5853 | D:5      | Reached skill level 5 in Evocations
  6141 | D:5      | Reached skill level 9 in Dodging
  6304 | D:6      | Found a transporter.
  6314 | D:6      | Noticed a kobold demonologist
  6318 | D:6      | Noticed an orange demon
  6323 | D:6      | Killed a kobold demonologist
  6325 | D:6      | Reached XP level 9. HP: 33/44 MP: 14/14
  6390 | D:6      | Found a transporter.
  6438 | D:6      | Reached ***** piety under Trog
  6457 | D:6      | Noticed a cyclops
  6457 | D:6      | Noticed Leeroy's ghost (amateur BaSk)
  6538 | D:6      | Found a runed gate.
  6538 | D:6      | Found a runed gate.
  6538 | D:6      | Found a runed gate.
  6782 | D:5      | Killed Leeroy's ghost
  6865 | D:6      | Found a sacrificial altar of Ru.
  6933 | D:6      | Found a staircase to the Ecumenical Temple.
  7003 | D:6      | Reached skill level 10 in Dodging
  7107 | D:6      | Noticed a komodo dragon
  7136 | D:6      | Killed a komodo dragon
  7143 | D:6      | Found a sacrificial altar of Ru.
  7220 | D:6      | Killed a cyclops
  7460 | D:6      | HP: 2/44 [wight/+3 halberd of freezing (15)]
  7460 | D:6      | Slain by a wight

Vault maps used:
D:1:      nagdon_arrival_double_spiral
D:2:      gammafunk_temple_overflow_statue, first_ration, minmay_tetromino_t4
D:3:      uniq_crazy_yiuf_cottage
D:4:      lemuel_doored_altar, serial_glass, glass_columns_c, glass_columns_c,
          glass_columns_b, glass_columns_a, glass_columns_b, glass_columns_b,
          kennysheep_windowed_goal
D:5:      cheibrodos_sewer_entry_drain, uniq_pikel
D:6:      gammafunk_wand_slinger, nicolae_ru_awakened_eye,
          minmay_temple_entry_waves, basic_altar, gammafunk_ghost_split,
          minmay_misc_feat_square
Sewer:    sewer_kobolds

Skill      XL: |  1  2  3  4  5  6  7  8  9 |
---------------+----------------------------+-----
Long Blades    | 3 4 5 6 7 8 |  8.7
Dodging        | 5 6 7 8 9 10 | 10.7
Fighting       | 3 |  3.0
Evocations     | 2 4 6 7 |  7.8

Action                   |  1- 3 |  4- 6 |  7- 9 || total
-------------------------+-------+-------+-------++-------
Melee: Falchion          |   119 |   272 |    81 ||   472
       Short sword       |       |       |   376 ||   376
 Fire: Blowgun           |       |    28 |       ||    28
Invok: Berserk           |     1 |     3 |     1 ||     5
Evoke: Wand              |       |     1 |    11 ||    12
  Use: Scroll            |       |    11 |     2 ||    13
       Potion            |       |     2 |       ||     2
 Stab: Sleeping          |     1 |     6 |       ||     7
       Distracted        |       |       |     2 ||     2
  Eat: Ration            |       |     8 |       ||     8
Armor: Animal skin       |    10 |    18 |    37 ||    65
Dodge: Dodged            |   130 |   280 |   351 ||   761
       Rpst.: Falchion   |    37 |    85 |    25 ||   147

Table legend:
 A = Non-vault XP
 B = Vault XP
 C = Vault XP percentage of total XP
 D = Non-vault monster count
 E = Vault monster count
 F = Vault count percentage of total count
                 A         B        C        D         E       F
            +---------+---------+-------+---------+---------+-------
      Total |    2302 |    2314 |  50.1 |     160 |      32 |  16.7
            +---------+---------+-------+---------+---------+-------
        D:1 |      36 |       0 |   0.0 |      23 |       0 |   0.0
        D:2 |      81 |       5 |   5.8 |      27 |       4 |  12.9
        D:3 |     342 |      42 |  10.9 |      44 |       1 |   2.2
        D:4 |     491 |     711 |  59.2 |      27 |       3 |  10.0
        D:5 |     365 |     120 |  24.7 |       9 |       3 |  25.0
        D:6 |     987 |    1316 |  57.1 |      30 |      10 |  25.0
      Sewer |       0 |     120 | 100.0 |       0 |      11 | 100.0
            +---------+---------+-------+---------+---------+-------
